 Dungeon Crawl Stone Soup version 0.14-a0-2884-gdf76e18 (webtiles) character file.

499 nyfair the Covert (level 6, -1/37 HPs)
             Began as a Tengu Chaos Knight on Feb 28, 2014.
             Was a Plaything of Xom.
             Slain by an ogre
             ... wielding a +0,+0 giant spiked club
              (18 damage)
             ... on Level 4 of the Dungeon.
             The game lasted 00:17:33 (2758 turns).

nyfair the Covert (Tengu Chaos Knight)              Turns: 2758, Time: 00:17:33

HP  -1/37        AC  6     Str 12      XL: 6   Next: 64%
MP   5/8         EV 12     Int 13      God: Xom
Gold 142         SH  0     Dex 15      Spells:  0 memorised,  5 levels left

rFire  . . .     SeeInvis +     a - +0 short sword (chaos)
rCold  . . .     Clarity  .     b - +2 leather armour
rNeg   . . .     Conserve .     (no shield)
rPois  .         rCorr    .     (helmet restricted)
rElec  .         rRot     .     k - +0 cloak
SustAb . .       Spirit   .     (no gloves)
rMut   .         Warding  .     (boots unavailable)
Saprov . . .     Stasis   .     (no amulet)
MR     .....                    (no ring)
                                w - ring of see invisible

@: flying, quick, not resistant to hostile enchantments, very stealthy
A: able to fly, beak, talons 3
a: Renounce Religion


You were on level 4 of the Dungeon.
You worshipped Xom.
You were a toy of Xom.
You were hungry.

You visited 1 branch of the dungeon, and saw 4 of its levels.

You collected 142 gold pieces.

Inventory:

Hand weapons
 a - a +0,+0 short sword of chaos (weapon)
 t - a +0,+1 dagger of venom
Armour
 b - a +2 leather armour (worn)
 k - a +0 cloak (worn)
Magical devices
 u - a wand of slowing (11)
Comestibles
 c - 3 bread rations
 m - 3 meat rations
Scrolls
 f - a scroll of enchant weapon I {unknown}
 i - a scroll of amnesia {unknown}
 j - a scroll of fog {unknown}
 l - 2 scrolls of immolation {unknown}
 n - a scroll of fear {unknown}
 o - 2 scrolls of teleportation {unknown}
 p - a scroll of blinking {unknown}
 q - a scroll of remove curse {unknown}
 s - a scroll of identify {unknown}
Jewellery
 w - a ring of see invisible (left hand)
Potions
 d - 5 potions of curing
 e - a potion of restore abilities
 r - a potion of agility


   Skills:
 + Level 3.0 Fighting
 + Level 8.3 Short Blades
 - Level 2.1 Armour
 - Level 1.1 Dodging
 * Level 10.1 Stealth


You had 5 spell levels left.
You didn't know any spells.

Dungeon Overview and Level Annotations

Branches:
Dungeon (4/16)             Temple (0/1) D:4

Altars:
Yredelemnul
The Shining One


Innate Abilities, Weirdness & Mutations

You can fly.
You have a beak for a mouth.
You have claws for feet.


Message History

There is an open door here.
An ogre comes into view. It is wielding a giant spiked club.
An adder skeleton comes into view.
A goblin comes into view. It is wielding a dagger.
A worm comes into view.
The ogre shouts!
The goblin shouts!
The ogre barely misses you.
You hit the ogre. You burn the ogre. You peck the ogre.
The ogre is moderately wounded.
Use which ability? (? or * to list)
You swoop lightly up into the air.
You feel somewhat more hungry.
The ogre hits you with a giant spiked club!
You hit the ogre but do no damage.
The ogre is poisoned.
You claw the ogre. You peck the ogre.
The ogre is heavily wounded.
You hit the ogre. You freeze the ogre.
The ogre is heavily wounded.
The ogre hits you with a giant spiked club!
You die...
Xom howls with laughter!

###.##.# .w#
###.##.# #.#
....##.# #.#
..####.# #..###.#
..# #.#
#......#######.# ..#
#.# #.....#........#
..#
#.###.....#z########
..####....#+####O#
#.........# #@#
...>........ #.#
#......#### #.#
#......# #.#
###'##.# #.#
#.##.#########.#
#.##...........#
#.############## #.#


You could see a worm, an ogre and an adder skeleton.

Vanquished Creatures
  Edmund (D:4)
  A hound (D:4)
  Ijyb (D:4)
  6 adders
  An inept item mimic (D:2)
  A giant mite (D:2)
  2 worms
  A giant eyeball (D:4)
  6 giant geckos
  7 orcs
  A ball python (D:1)
  9 bats
  9 goblins
  9 hobgoblins
  4 jackals (D:1)
  2 giant cockroaches (D:2)
  3 giant newts (D:2)
  8 kobolds
  3 quokkas
  2 rats
77 creatures vanquished.

Notes
Turn   | Place    | Note
--------------------------------------------------------------
     0 | D:1      | nyfair, the Tengu Chaos Knight, began the quest for the Orb.
     0 | D:1      | Reached XP level 1. HP: 14/14 MP: 1/1
    43 | D:1      | Reached skill level 1 in Stealth
    58 | D:1      | Reached XP level 2. HP: 10/19 MP: 3/3
   141 | D:1      | XOM: silly message
   645 | D:2      | Found a basalt altar of Yredelemnul.
   647 | D:2      | Reached XP level 3. HP: 23/23 MP: 4/4
   651 | D:2      | Reached skill level 4 in Short Blades
   658 | D:2      | XOM: potion effect (experience)
   658 | D:2      | Reached skill level 7 in Short Blades
   658 | D:2      | Reached skill level 9 in Stealth
   658 | D:2      | Reached XP level 4. HP: 28/28 MP: 5/5
   958 | D:2      | XOM: harmless Divn miscast
   988 | D:2      | XOM: harmless Divn miscast
   992 | D:2      | Reached XP level 5. HP: 32/32 MP: 7/7
  1019 | D:2      | XOM: divination: detect items
  1315 | D:3      | XOM: divination: detect creatures
  1390 | D:3      | XOM: divination: magic mapping
  1504 | D:3      | Found a glowing golden altar of the Shining One.
  1587 | D:3      | XOM: harmless Ice miscast
  2191 | D:4      | Noticed Ijyb
  2209 | D:4      | Killed Ijyb
  2280 | D:4      | Reached XP level 6. HP: 37/37 MP: 8/8
  2444 | D:4      | Found a staircase to the Ecumenical Temple.
  2445 | D:4      | Paralysed by a giant eyeball for 2 turns
  2633 | D:4      | Noticed Edmund
  2645 | D:4      | XOM: mild Conj miscast
  2652 | D:4      | Killed Edmund
  2652 | D:4      | Reached skill level 10 in Stealth
  2743 | D:4      | Noticed an ogre
  2758 | D:4      | Slain by an ogre

Action                   |  1- 3 |  4- 6 || total
-------------------------+-------+-------++-------
Melee: Short sword       |    44 |   114 ||   158
 Abil: Fly               |       |     1 ||     1
  Use: Potion            |       |     5 ||     5
 Stab: Sleeping          |     3 |    24 ||    27
       Distracted        |       |     1 ||     1
       Confused          |       |     4 ||     4
